 Dungeon Crawl Stone Soup version 0.27-a0-1378-gdefffd1ff6 (webtiles) character file.

Game seed: 10525866734996520900

146 lmSkywalker the Ducker (level 5, -4/35 HPs)
             Began as a Djinni Hedge Wizard on June 29, 2021.
             Was an Initiate of Dithmenos.
             Shot with an arrow by a centaur (12 damage)
             ... on level 6 of the Dungeon.
             The game lasted 00:17:43 (5575 turns).

lmSkywalker the Ducker (Djinni Hedge Wizard)        Turns: 5575, Time: 00:17:44

Health: -4/35      AC:  2    Str:  9    XL:     5   Next: 53%
Gold:   116        EV: 13    Int: 16    God:    Dithmenos [......] SH:  0 Dex: 13

rFire    + + .     SeeInvis .   a - +0 dagger
rCold    x . .     Faith    .   (no shield)
rNeg     . . .     Spirit   .   b - +0 robe
rPois    ∞         Reflect  .   c - +0 hat
rElec    .         Harm     .   (no cloak)
rCorr    .         Rampage  .   (no gloves)
Will     .....                  (boots unavailable)
Stlth    ++........             (no amulet)
HPRegen  0.11/turn              (no ring)
MPRegen  0.00/turn              (no ring)

@: flying
A: sickness immunity, fire resistance 2, cold vulnerability 1, float, innate
caster, hp casting, extra vitality 1
a: Renounce Religion


You were on level 6 of the Dungeon.
You worshipped Dithmenos.
Dithmenos was noncommittal.
You visited 2 branches of the dungeon, and saw 6 of its levels.

You collected 116 gold pieces.

Inventory:

Hand Weapons
 a - a +0 dagger (weapon)
Missiles
 o - 6 silver boomerangs
Armour
 b - a +0 robe (worn)
 c - a +0 hat (worn)
Jewellery
 i - a ring of fire
Scrolls
 h - a scroll of brand weapon {unknown}
 j - a scroll of holy word {unknown}
 k - a scroll of identify
 l - a scroll of amnesia
 m - a scroll of teleportation {unknown}
 p - a scroll of blinking {unknown}
Potions
 d - 3 potions of haste {unknown}
 e - 2 potions of flight {unknown}
 f - a potion of magic {unknown}
 g - 3 potions of curing {unknown}
 n - a potion of berserk rage {unknown}


   Skills:
 - Level 1.0 Short Blades
 + Level 3.4 Dodging
 + Level 2.6 Stealth
 * Level 3.4 Spellcasting


You couldn't memorise any spells.
You knew the following spells:

 Your Spells              Type           Power      Damage    Failure   Level
a - Magic Dart            Conj           52%        1d5       4%          1
b - Blink                 Tloc           N/A        N/A       7%          2
c - Call Imp              Summ           13%        N/A       7%          2
d - Slow                  Hex            13%        N/A       7%          2
e - Conjure Flame         Conj/Fire      13%        6-21      13%         3
f - Mephitic Cloud        Conj/Pois/Air  13%        N/A       13%         3
g - Freeze                Ice            52%        1d7       4%          1
h - Passwall              Tmut/Erth      10%        N/A       7%          2
Your spell library was empty.

Dungeon Overview and Level Annotations

Branches:
Dungeon (4/15)             Temple (1/1) D:4

Altars:
Ashenzari
Cheibriados
Dithmenos
Elyvilon
Fedhas
Gozag
Hepliaklqana
Kikubaaqudgha
Makhleb
Okawaru
Qazlal
Ru
Sif Muna
Trog
Uskayaw
The Shining One


Innate Abilities, Weirdness & Mutations

You are immune to sickness and miasma.
You are immune to poison.
Your flesh is very heat resistant. (rF++)
You are vulnerable to cold. (rC-)
You float through the air rather than walking.
You learn spells naturally, not from books.
Your magical power is your life essence.
You have superior vitality. (+4 HP)


Message History

Aim: a goblin, wielding a +0 dagger (heavily wounded, 100% to hit)
The magic dart hits the goblin.
You kill the goblin!
Dithmenos accepts your kill.
Found a stone staircase leading down.
You now have 116 gold pieces (gained 12).
You are sucked into a shaft and drop 2 floors!
The shaft crumbles and collapses.
An orc comes into view. It is wielding a +0 flail.
The orc shouts!
An orc warrior comes into view. It is wielding a +0 glaive.
The orc warrior shouts!
You hear a shout!
Found a rapier, 8 stones, a tourmaline ring and a whip.
An orc and a necrophage come into view.
Okay, then.
Casting: Magic Dart (safe; 4% risk of failure)
Confirm with . or Enter, or press ? or * to list all spells.
You blink.
The orc hits you with a +0 dagger. The orc warrior misses you.
The necrophage closely misses you. The orc warrior completely misses you.
The orc completely misses you.
Casting: Blink (safe; 7% risk of failure)
Confirm with . or Enter, or press ? or * to list all spells.
You blink.
A centaur comes into view.
The centaur wields a +0 shortbow.
The centaur shoots an arrow.
The arrow barely misses you.
The centaur shoots an arrow.
The arrow hits you!
The orc warrior hits you from afar with a +0 glaive!
As you read the scroll labelled UQAALU TUIVOHU, it crumbles to dust.
It is a scroll of identify.
l - a scroll of amnesia The orc warrior hits you from afar with a +0 glaive.
* * * LOW HITPOINT WARNING * * *
Okay, then.
Casting: Blink (safe; 7% risk of failure)
Confirm with . or Enter, or press ? or * to list all spells.
You blink.
* * * LOW HITPOINT WARNING * * *
The centaur shoots an arrow.
The arrow hits you!
You die...

...........^. .
#............
..#...........[
.............#.#
...............#
...............#
c..#...........
...#...@.....#
#..c.##.....## #
#....##.....##.#.
# #...#.on.....#
#............#
##.##o..o.....
#.##.....)#..
#.........## .
#......(..##


You could see an orc warrior, a necrophage, a centaur and 2 orcs.

Vanquished Creatures
  A hound skeleton (D:4)
  A dart slug (D:2)
  6 endoplasms
  2 giant cockroaches
  11 goblins
  4 hobgoblins
  2 jackals (D:3)
  A kobold (D:2)
  2 quokkas
  11 ball pythons
  8 bats
  3 frilled lizards
  9 rats
61 creatures vanquished.

Vanquished Creatures (collateral kills)
  2 orc priests (D:3)
  3 adders
  3 orcs (D:3)
  2 ball pythons
  An endoplasm (D:1)
  A hobgoblin (D:1)
  3 jackals
  A frilled lizard (D:2)
  3 kobolds
19 creatures vanquished.

Grand Total: 80 creatures vanquished

Notes
Turn   | Place    | Note
-------+----------+-------------------------------------------
     0 | D:1      | lmSkywalker the Djinni Hedge Wizard began the quest for the
                  | Orb.
     0 | D:1      | Reached XP level 1. HP: 15/15 MP: 0/0
   347 | D:1      | Reached XP level 2. HP: 17/21 MP: 0/0
  1286 | D:1      | Reached XP level 3. HP: 3/25 MP: 0/0
  1286 | D:1      | Learned a level 1 spell: Freeze
  1300 | D:1      | Reached skill level 1 in Short Blades
  2999 | D:2      | Reached XP level 4. HP: 26/31 MP: 0/0
  3960 | D:3      | Reached XP level 5. HP: 14/35 MP: 0/0
  3960 | D:3      | Learned a level 2 spell: Passwall
  4802 | D:4      | Found a staircase to the Ecumenical Temple.
  4815 | Temple   | Entered the Ecumenical Temple
  5069 | Temple   | Became a worshipper of Dithmenos the Shadowed
  5568 | D:4      | You are sucked into a shaft and drop 2 floors!
  5568 | D:6      | Noticed an orc warrior
  5569 | D:6      | Noticed a necrophage
  5571 | D:6      | Noticed a centaur
  5575 | D:6      | Shot with an arrow by a centaur

Illustrated notes

Levels and vault maps discovered:
D:1:      dpeg_arrival_subterranean_lakeside_camping, layout_loops_ring
D:2:      layout_basic, minmay_indecisive_spiral
D:3:      layout_basic
D:4:      layout_basic, minmay_temple_entry_gardened_gates
D:6:      layout_cave_pools, gammafunk_ghost_arena, nrook_uturn,
          chequers_serial_rivers_marsh, uniq_blork_the_orc, uniq_sigmund
Temple:   eino_temple_rhombus

Skill      XL: |  1  2  3  4 |
---------------+-------------+-----
Short Blades   | 1 |  1.0
Stealth        | 2 |  2.6
Dodging        | 3 |  3.4
Spellcasting   | 3 |  3.4

Action                   |  1- 3 |  4- 6 || total
-------------------------+-------+-------++-------
Melee: Dagger            |    37 |    13 ||    50
 Cast: Magic Dart        |    79 |    43 ||   122
       Call Imp          |     8 |    10 ||    18
       Blink             |     4 |     4 ||     8
       Slow              |       |     1 ||     1
  Use: Scroll            |       |     1 ||     1
 Stab: Sleeping          |     3 |     2 ||     5
Armor: Robe              |    21 |     1 ||    22
Dodge: Dodged            |    44 |    21 ||    65

Table legend: (Time is in decaauts)
 A = Elapsed time spent in this place.
 B = Non-inter-level travel time spent in this place.
 C = Inter-level travel time spent in this place.
 D = Time resting spent in this place.
 E = Time spent auto-exploring this place.
 F = Levels seen in this place.
 G = Mean time per level.
                   A        B        C        D        E       F      G
               +--------+--------+--------+--------+--------+-----+--------+
         Total |   5576 |   5279 |    297 |    490 |   3907 |   6 |  929.3 |
       Dungeon |   5316 |   5039 |    277 |    490 |   3762 |   5 | 1063.2 |
        Temple |    260 |    240 |     20 |      0 |    145 |   1 |  260.0 |
               +--------+--------+--------+--------+--------+-----+--------+

Top non-repeatable levels by time:
     D:1: 2272 daAuts
     D:3: 1307 daAuts
     D:2: 1157 daAuts
     D:4: 572 daAuts
  Temple: 260 daAuts
     D:6: 6 daAuts
